 Dungeon Crawl Stone Soup version 0.27-a0-1140-g099f9bb0e8 (webtiles) character file.

Game seed: 13506407789764561971

4071 reriks the Destroyer (level 10, -10/58 HPs)
             Began as a Tengu Air Elementalist on May 8, 2021.
             Was a Believer of Qazlal.
             Mangled by a boulder beetle (25 damage)
             ... on level 8 of the Dungeon.
             The game lasted 00:25:20 (11554 turns).

reriks the Destroyer (Tengu Air Elementalist)      Turns: 11554, Time: 00:25:21

Health: -10/58     AC:  7    Str:  8    XL:     10   Next: 25%
Magic:  14/27      EV: 17    Int: 19    God:    Qazlal [**....]
Gold:   458        SH:  8    Dex: 15    Spells: 3/18 levels left

rFire    . . .     SeeInvis .   h - +1 short sword (freeze)
rCold    . . .     Faith    .   k - +0 buckler
rNeg     . . .     Spirit   .   I - +0 robe "Dalaeh" {rPois rCorr}
rPois    +         Reflect  .   (helmet restricted)
rElec    .         Harm     .   m - +0 cloak
rCorr    +         Rampage  .   (no gloves)
Will     .....                  (boots unavailable)
Stlth    ++........             p - amulet of regeneration
HPRegen  1.19/turn              C - +4 ring of protection
MPRegen  0.20/turn              r - ring of magical power

@: about to teleport, flying quickly and evasively, quick
A: beak, talons 3, nimble flight
a: Renounce Religion, Upheaval


You were on level 8 of the Dungeon.
You worshipped Qazlal.
Qazlal was pleased with you.
You visited 1 branch of the dungeon, and saw 8 of its levels.

You collected 458 gold pieces.

Inventory:

Hand Weapons
 h - a +1 short sword of freezing (weapon)
 n - a +0 falchion of protection
Missiles
 t - 18 javelins
 N - a curare-tipped dart
Armour
 a - a +0 robe
 i - the +0 leather armour of Paozebb {Rampage Dex+4}
   (You found it on level 4 of the Dungeon)

   It affects your dexterity (+4).
   It bestows one free step when moving towards enemies.
 k - a +0 buckler (worn)
 m - a +0 cloak (worn)
 I - the +0 robe "Dalaeh" (worn) {rPois rCorr}
   (You found it on level 8 of the Dungeon)

   It protects you from poison.
   It protects you from acid and corrosion.
 L - +0 acid dragon scales
Jewellery
 e - a ring of ice
 g - a ring of protection from cold
 p - an amulet of regeneration (around neck)
 r - a ring of magical power (right hand)
 C - a +4 ring of protection (left hand)
 H - a ring of protection from fire
Wands
 x - a wand of polymorph (8)
 A - a wand of flame (8)
 B - a wand of charming (10)
 J - a wand of iceblast (9)
Scrolls
 b - a scroll of enchant weapon
 o - a scroll of amnesia
 u - a scroll of vulnerability {unknown}
 w - a scroll of acquirement {unknown}
 y - a scroll of noise {unknown}
 z - 3 scrolls of blinking {unknown}
 F - a scroll of magic mapping
 G - a scroll of identify
 M - a scroll of torment {unknown}
Potions
 c - 3 potions of lignification {unknown}
 d - a potion of berserk rage
 f - 2 potions of cancellation {unknown}
 j - a potion of might {unknown}
 l - 4 potions of curing
 q - 2 potions of heal wounds {unknown}
 v - 2 potions of mutation {unknown}
 D - a potion of ambrosia {unknown}
 E - 2 potions of invisibility {unknown}
 K - a potion of degeneration {unknown}


   Skills:
 + Level 4.7 Fighting
 + Level 5.2 Armour
 + Level 6.0 Dodging
 - Level 2.0 Stealth
 - Level 4.0 Shields
 + Level 4.9 Spellcasting
 * Level 9.4 Conjurations
 + Level 7.7 Air Magic
 + Level 3.3 Invocations


You had 3 spell levels left.
You knew the following spells:

 Your Spells              Type           Power      Damage    Failure   Level
a - Shock                 Conj/Air       100%       1d9       1%          1
b - Static Discharge      Conj/Air       37%        N/A       1%          2
c - Swiftness             Air            34%        N/A       1%          3
d - Airstrike             Air            17%        N/A       5%          4
e - Lightning Bolt        Conj/Air       18%        1d33      11%         5

Your spell library contained the following spells:

 Spells                   Type           Power      Damage    Failure   Level
 Beastly Appendage        Tmut           8%         N/A       13%         1
 Wereblood                Tmut           4%         N/A       19%         2
 Spider Form              Tmut/Pois      2%         N/A       36%         3
 Ice Form                 Ice/Tmut       4%         N/A       77%         4
 Hydra Form               Tmut           2%         N/A       98%         5


Dungeon Overview and Level Annotations

Branches:
Dungeon (8/15)             Temple (0/1) D:5
   Lair: D:8-11

Altars:
Dithmenos
Fedhas
Nemelex Xobeh
Qazlal

Annotations:
D:3 exclusion: oklob plant


Innate Abilities, Weirdness & Mutations

You have a beak for a mouth.
You have claws for feet.
Your magical nature lets you fly swiftly and evasively.


Message History

The boulder beetle hits you!!
The boulder beetle stops rolling and uncurls.
You hit the boulder beetle. You freeze the boulder beetle.
You claw the boulder beetle, but do no damage.
The boulder beetle is lightly wounded.
The boulder beetle barely misses you.
Casting: Shock (safe; 1% risk of failure)
Confirm with . or Enter, or press ? or * to list all spells.
Okay, then.
Unknown command.
Casting: Shock (safe; 1% risk of failure)
Confirm with . or Enter, or press ? or * to list all spells.
The boulder beetle is struck by an arc of lightning!
The boulder beetle is moderately wounded.
You are struck by an arc of lightning.
The boulder beetle is struck by an arc of lightning.
The boulder beetle is moderately wounded.
The lightning grounds out.
The boulder beetle completely misses you.
The boulder beetle barely misses you.
Casting: Static Discharge (safe; 1% risk of failure)
Confirm with . or Enter, or press ? or * to list all spells.
The boulder beetle is struck by an arc of lightning.
The boulder beetle is moderately wounded.
You are struck by an arc of lightning.
The boulder beetle is struck by an arc of lightning.
The boulder beetle is moderately wounded.
The lightning grounds out.
The boulder beetle bites you! The boulder beetle closely misses you.
Casting: Static Discharge (safe; 1% risk of failure)
Confirm with . or Enter, or press ? or * to list all spells.
The boulder beetle is struck by an arc of lightning!
The boulder beetle is moderately wounded.
You are struck by an arc of lightning.
The lightning grounds out.
You block the boulder beetle's attack. The boulder beetle bites you!
* * * LOW HITPOINT WARNING * * *
As you read the scroll of teleportation, it crumbles to dust.
You feel strangely unstable. The boulder beetle bites you!!
You die...

..#.#)#.#♣♣..# ♣♣ ♣♣♣#..
#...#)#......# ... ......
#.#.#.#.#♣♣..# ..♣ ♣.♣#..
..#.#.#.# ♣..# #..♣ . #..
..#.#.#.# ♣..'#####'..♣
#.. #.#.#.#.#
♣...........♣ #..
#.#.#'#.# ♣...........♣
#.# #.#♣...♣# ♣B♣ #.#
#.#♣♣.♣♣ ♣@♣ #.# ### ####
#.#### #######.# ♣..♣♣
♣.♣..♣♣ #.(......
#♣♣..♣♣♣.♣♣..♣♣♣#.#######
#.♣♣.)♣♣.♣♣♣..♣.#.#
#♣.♣♣..♣.♣♣♣♣..♣#.#
♣♣.............#.#
#######.########.#
.........).......#


You could see a boulder beetle.

Vanquished Creatures
  A wyvern (D:8)
  2 steam dragons
  Menkaure (D:4)
  An acid dragon (D:8)
  3 water moccasins
  2 sky beasts
  2 ice beasts (D:8)
  3 orc warriors
  2 ogres
  5 centaurs
  A necrophage (D:6)
  A phantom (D:5)
  2 kobold brigands (D:8)
  2 bullfrogs (D:8)
  4 scorpions (D:5)
  A wight (D:8)
  A howler monkey (D:8)
  3 centaur zombies
  A bullfrog zombie (D:5)
  3 hounds
  3 jellies
  7 orc priests
  2 bullfrog skeletons
  A gnoll shaman (D:8)
  3 iguanas
  Ijyb (D:5)
  Terence (D:2)
  7 orc wizards
  Natasha (thrice) (D:3)
  3 killer bee zombies
  A howler monkey zombie (D:7)
  Robin (D:3)
  6 adders
  A shadow imp (D:5)
  A worm (D:4)
  5 dart slugs
  17 orcs
  3 ball pythons
  8 bats
  6 endoplasms
  2 giant cockroaches
  16 goblins
  15 hobgoblins
  6 jackals
  6 kobolds
  3 quokkas
  2 frilled lizards (D:1)
  5 rats
176 creatures vanquished.

Vanquished Creatures (others)
  3 plants (D:8)
  5 toadstools (D:1)
8 creatures vanquished.

Grand Total: 184 creatures vanquished

Notes
Turn   | Place    | Note
-------+----------+-------------------------------------------
     0 | D:1      | reriks the Tengu Air Elementalist began the quest for the
                  | Orb.
     0 | D:1      | Reached XP level 1. HP: 10/10 MP: 4/4
    11 | D:1      | Found a faded altar of an unknown god.
   549 | D:1      | Reached XP level 2. HP: 15/15 MP: 0/6
   628 | D:1      | Became a worshipper of Qazlal Stormbringer
   628 | D:1      | Reached * piety under Qazlal
   834 | D:1      | Reached skill level 2 in Conjurations
  1148 | D:1      | Reached XP level 3. HP: 20/20 MP: 2/7
  1472 | D:1      | Reached skill level 1 in Fighting
  1472 | D:1      | Reached skill level 1 in Armour
  1704 | D:2      | Reached XP level 4. HP: 18/25 MP: 2/8
  1864 | D:2      | Noticed a water moccasin
  1872 | D:2      | Killed a water moccasin
  1873 | D:2      | Reached skill level 3 in Conjurations
  1873 | D:2      | Gained mutation: Your magical nature lets you fly swiftly
                  | and evasively. [Tengu growth]
  1873 | D:2      | Reached XP level 5. HP: 18/29 MP: 0/9
  1881 | D:2      | Learned a level 2 spell: Static Discharge
  1885 | D:2      | Learned a level 3 spell: Swiftness
  2376 | D:2      | Reached skill level 4 in Conjurations
  2556 | D:2      | Found a shadowy altar of Dithmenos.
  2890 | D:2      | Reached ** piety under Qazlal
  3323 | D:3      | Noticed an ogre
  3333 | D:3      | Killed an ogre
  3333 | D:3      | Noticed Terence
  3334 | D:3      | Reached skill level 5 in Air Magic
  3334 | D:3      | Reached XP level 6. HP: 35/35 MP: 3/11
  3391 | D:2      | Killed Terence
  3811 | D:3      | Learned a level 4 spell: Airstrike
  4091 | D:3      | Noticed Robin
  4163 | D:3      | Killed Robin
  4181 | D:3      | Noticed Natasha
  4272 | D:3      | Killed Natasha
  4545 | D:3      | Noticed Natasha
  4564 | D:3      | Killed Natasha
  4565 | D:3      | Reached skill level 5 in Conjurations
  4565 | D:3      | Reached XP level 7. HP: 36/40 MP: 6/12
  4683 | D:3      | Noticed Natasha
  4686 | D:3      | Killed Natasha
  4821 | D:3      | Found a blossoming altar of Fedhas.
  4838 | D:3      | Noticed an oklob plant
  5347 | D:4      | Reached skill level 1 in Shields
  5813 | D:4      | Found a sparkling altar of Nemelex Xobeh.
  5852 | D:4      | Noticed Menkaure
  5861 | D:4      | Killed Menkaure
  6122 | D:4      | Identified the +0 leather armour of Paozebb {Rampage Dex+4}
  6275 | D:5      | Entered Level 5 of the Dungeon
  6543 | D:5      | Noticed Ijyb
  6555 | D:5      | Killed Ijyb
  6666 | D:5      | Reached skill level 6 in Conjurations
  6714 | D:5      | Reached *** piety under Qazlal
  6715 | D:5      | Reached XP level 8. HP: 45/45 MP: 14/14
  7085 | D:5      | Reached skill level 1 in Invocations
  7415 | D:5      | Found a staircase to the Ecumenical Temple.
  8147 | D:6      | Reached skill level 7 in Conjurations
  8730 | D:6      | Reached XP level 9. HP: 48/51 MP: 16/16
  9225 | D:6      | Reached skill level 5 in Dodging
  9467 | D:7      | Reached skill level 8 in Conjurations
 10035 | D:7      | Learned a level 5 spell: Lightning Bolt
 10488 | D:8      | Identified the +0 robe "Dalaeh" {rPois rCorr}
 10885 | D:8      | Reached skill level 5 in Armour
 10885 | D:8      | Reached XP level 10. HP: 58/58 MP: 18/18
 10938 | D:8      | Reached skill level 9 in Conjurations
 11139 | D:8      | Noticed a deep elf pyromancer
 11541 | D:8      | Noticed a boulder beetle
 11554 | D:8      | Mangled by a boulder beetle

Illustrated notes

Levels and vault maps discovered:
D:1:      ldierk_walled_garden, layout_basic,
          hellmonk_ecumenical_altar_lost_god, minmay_misc_feat_alley,
          chequers_serial_rivers_large_b, st_stairs_12
D:2:      layout_loops_ring, basic_altar, minmay_pentomino_w4
D:3:      layout_rooms, tgw_fedhas, uniq_terence, uniq_robin, uniq_natasha
D:4:      layout_basic, kennysheep_mini_moat, uniq_menkaure
D:5:      layout_loops_corners, temple_doors_ab, uniq_ijyb
D:6:      layout_basic
D:7:      layout_rooms, hangedman_decor_push
D:8:      nzn_winding_woodlands_cross
          [nzn_winding_woodlands_5x15_pathside_ponds,
          nzn_winding_woodlands_5x15_pockets,
          nzn_winding_woodlands_5x15_sawtooth,
          nzn_winding_woodlands_5x15_longhouse,
          nzn_winding_woodlands_15x15_killbox], layout_basic,
          serial_co_window_serial, co_window_of_opportunity_a,
          co_window_cross_1, co_window_paths_b, co_window_paths_b,
          co_window_paths_a, co_window_broadway_b, co_window_corner_b,
          co_window_corner_ca

Skill      XL: |  1  2  3  4  5  6  7  8  9 10 |
---------------+-------------------------------+-----
Conjurations   | 2 3 4 5 6 7 8 9 |  9.4
Fighting       | 1 2 3 4 |  4.7
Armour         | 1 2 3 4 5 |  5.2
Dodging        | 3 4 5 6 |  6.0
Air Magic      | 5 6 7 |  7.7
Spellcasting   | 3 4 |  4.9
Shields        | 1 2 3 4 |  4.0
Invocations    | 1 3 |  3.3
Stealth        | |  2.0

Action                   |  1- 3 |  4- 6 |  7- 9 | 10-12 || total
-------------------------+-------+-------+-------+-------++-------
Melee: Kick              |     1 |     2 |     7 |     1 ||    11
       Unarmed           |     1 |       |       |       ||     1
       Short sword       |       |    11 |    14 |     1 ||    26
       Peck              |       |     1 |     2 |       ||     3
       Falchion          |       |       |    11 |       ||    11
 Cast: Shock             |    59 |   111 |   315 |    58 ||   543
       Static Discharge  |       |    13 |    18 |     3 ||    34
       Swiftness         |       |     1 |       |       ||     1
       Airstrike         |       |       |       |     3 ||     3
Invok: Upheaval          |       |       |     6 |     5 ||    11
Evoke: Wand              |       |       |     4 |       ||     4
  Use: Scroll            |       |     6 |     3 |     2 ||    11
       Potion            |       |       |     1 |       ||     1
Armor: Robe              |     1 |    20 |    20 |     1 ||    42
Dodge: Dodged            |    10 |    46 |    77 |    15 ||   148
Block: Other             |       |     4 |       |       ||     4
       Buckler           |       |       |    58 |     4 ||    62
       Rpst.: Falchion   |       |       |     7 |       ||     7

Table legend: (Time is in decaauts)
 A = Elapsed time spent in this place.
 B = Non-inter-level travel time spent in this place.
 C = Inter-level travel time spent in this place.
 D = Time resting spent in this place.
 E = Time spent auto-exploring this place.
 F = Levels seen in this place.
 G = Mean time per level.
                   A        B        C        D        E       F      G
               +--------+--------+--------+--------+--------+-----+--------+
         Total |  11147 |  10756 |    391 |   4312 |   5120 |   8 | 1393.4 |
       Dungeon |  11147 |  10756 |    391 |   4312 |   5120 |   8 | 1393.4 |
               +--------+--------+--------+--------+--------+-----+--------+

Top non-repeatable levels by time:
     D:2: 1888 daAuts
     D:1: 1845 daAuts
     D:6: 1577 daAuts
     D:5: 1427 daAuts
     D:8: 1414 daAuts
     D:3: 1260 daAuts
     D:4: 1128 daAuts
     D:7: 604 daAuts
